 Dungeon Crawl Stone Soup version 0.29.1-1-gd02db6906a (webtiles) character file.

Game seed: 13957436952302272821

2496 safid the Skirmisher (level 9, -5/69 HPs)
             Began as a Minotaur Hunter on Oct 19, 2022.
             Was a Believer of Okawaru.
             Slain by a spriggan
             ... wielding a +1 vorpal flail
              (13 damage)
             ... in a bailey.
             The game lasted 00:16:22 (8646 turns).

safid the Skirmisher (Minotaur Hunter)              Turns: 8646, Time: 00:16:23

Health: -5/69      AC:  8    Str: 15    XL:     9   Next: 28%
Magic:  7/8        EV: 11    Int:  6    God:    Okawaru [**....]
Gold:   433        SH:  5    Dex: 19    Spells: 8/8 levels left

rFire   . . .      SeeInvis .   a - +0 shortbow
rCold   . . .      Faith    .   (shield currently unavailable)
rNeg    . . .      Spirit   .   f - +0 ring mail
rPois   .          Reflect  +   (helmet restricted)
rElec   .          Harm     .   w - +0 cloak
rCorr   .          Rampage  .   o - +0 pair of gloves
Will    +....                   l - +0 pair of boots
Stlth   +.........              A - amulet of reflection
HPRegen 0.21/turn               v - ring of willpower
MPRegen 0.11/turn               (no ring)

@: no status effects
A: horns 2, retaliatory headbutt
a: Renounce Religion, Heroism


You were in a bailey.
You worshipped Okawaru.
Okawaru was pleased with you.
You visited 2 branches of the dungeon, and saw 8 of its levels.
You also visited: Bailey.

You collected 433 gold pieces.

Inventory:

Hand Weapons
 a - a +0 shortbow (weapon)
Armour
 f - a +0 ring mail (worn)
 l - a +0 pair of boots (worn)
 o - a +0 pair of gloves (worn)
 w - a +0 cloak (worn)
Jewellery
 v - a ring of willpower (left hand)
 A - an amulet of reflection (around neck)
Wands
 y - a wand of polymorph (7)
Scrolls
 b - 6 scrolls of immolation
 d - 6 scrolls of teleportation
 e - 2 scrolls of fear
 g - a scroll of acquirement {unknown}
 h - 2 scrolls of enchant armour
 m - a scroll of silence
 n - 2 scrolls of poison
 r - a scroll of noise {unknown}
 t - a scroll of butterflies {unknown}
 x - a scroll of blinking {unknown}
 z - a scroll of enchant weapon {unknown}
 B - a scroll of amnesia {unknown}
 C - a scroll of summoning
Potions
 c - 3 potions of attraction
 i - a potion of flight {unknown}
 j - 2 potions of mutation
 p - 2 potions of curing
 q - a potion of resistance
 s - a potion of degeneration {unknown}
 u - a potion of heal wounds {unknown}


   Skills:
 - Level 3.0 Fighting
 + Level 14.1 Ranged Weapons
 - Level 2.1 Dodging
 - Level 0.7 Stealth


You had 8 spell levels left.
You didn't know any spells.
Your spell library contained the following spells:

 Spells                   Type           Power      Damage    Failure   Level
 Frozen Ramparts          Ice            0%         1d1       96%         3
 Ice Form                 Ice/Tmut       0%         N/A       100%        4
 Freezing Cloud           Conj/Ice/Air   0%         6-21      100%        5
 Polar Vortex             Ice            0%         N/A       100%        9
 Summon Ice Beast         Ice/Summ       Unusable   N/A       N/A         4
 Simulacrum               Ice/Necr       Unusable   N/A       N/A         6

Dungeon Overview and Level Annotations

Branches:
Dungeon (7/15)             Temple (1/1) D:5          Bailey (1/1)

Altars:
Elyvilon
Fedhas
Makhleb
Okawaru
Ru
Sif Muna
Trog
Uskayaw
Vehumet
Wu Jian
Xom
Yredelemnul
Zin
The Shining One

Shops:
D:4 *

Annotations:
D:2 1 runed translucent door, Crazy Yiuf


Innate Abilities, Weirdness & Mutations

You have a pair of horns on your head.
You reflexively headbutt those who attack you in melee.


Message History

Aim: a spriggan, wielding a +1 vorpal flail (53% to hit)
You shoot an arrow. The arrow closely misses the spriggan.
The orc priest dissolves into shadows!
The spriggan misses you.
Unknown command.
Okay, then.
Okay, then.
Really read the scroll of poison?
The air fills with toxic fumes!
As you read the scroll of poison, it crumbles to dust.
The spriggan splashes around in the water.
Unknown command.
Fire: a) +0 shortbow
Press: ? - help, Q - select action, (/) - cycle Shift-Dir - straight line, f/p - spriggan
Aim: a spriggan, wielding a +1 vorpal flail (53% to hit)
You shoot an arrow. The arrow barely misses the spriggan.
The spriggan hits you with a +1 vorpal flail!
Unknown command.
Fire: a) +0 shortbow
Press: ? - help, Q - select action, (/) - cycle Shift-Dir - straight line, f/p - spriggan
Aim: a spriggan, wielding a +1 vorpal flail (53% to hit)
You shoot an arrow. The arrow barely misses the spriggan.
The spriggan splashes around in the water.
Unknown command.
Fire: a) +0 shortbow
Press: ? - help, Q - select action, (/) - cycle Shift-Dir - straight line, f/p - spriggan
Aim: a spriggan, wielding a +1 vorpal flail (53% to hit)
You shoot an arrow.
The arrow hits the spriggan but does no damage.
You feel like a meek peon again.
The two-headed ogre is engulfed in poison gas.
The two-headed ogre is poisoned.
The two-headed ogre hits you from afar with a +0 halberd!!
* * * LOW HITPOINT WARNING * * *
The two-headed ogre hits you from afar with a +0 halberd!
* * * LOW HITPOINT WARNING * * *
The spriggan hits you with a +1 vorpal flail.
* * * LOW HITPOINT WARNING * * *
x2 You feel better.
The spriggan hits you with a +1 vorpal flail!
You die...

#######
###§§§§§###
##§§§§§§§§§##
##§§§§§§§§§§.##
#§§§§§§§§§§§..#
##§§§§§§§§§§.##
##§@§§§§§§§##
###i§§§§###
#§O§§§#
##~§§§§##
##.§§§§§§##
##..§§§§§§§##
##).♣######§.##
##..## ##..##
##o.## ##..##


You could see a two-headed ogre (poisoned) and a spriggan.

Vanquished Creatures
  A spriggan (Bailey)
  Sigmund (D:6)
  2 water moccasins
  2 black bears
  4 ogres (Bailey)
  A phantom (D:6)
  A kobold brigand (D:7)
  A necrophage (D:5)
  A bullfrog (D:7)
  A gnoll sergeant (D:3)
  3 scorpions
  4 wights (D:6)
  A jelly (D:6)
  4 hounds
  A gnoll bouda (D:6)
  4 iguanas
  Ijyb (D:3)
  3 orc wizards
  Robin (D:2)
  8 gnolls
  11 adders
  3 shadow imps
  2 white imps
  4 dart slugs
  10 orcs
  7 bats
  3 endoplasms
  18 giant cockroaches
  13 goblins
  17 hobgoblins
  2 jackals (D:4)
  16 kobolds
  7 quokkas
  6 ball pythons
  5 frilled lizards
  5 rats
174 creatures vanquished.

Notes
Turn   | Place    | Note
-------+----------+-------------------------------------------
     0 | D:1      | safid the Minotaur Hunter began the quest for the Orb.
     0 | D:1      | Reached XP level 1. HP: 18/18 MP: 0/0
   386 | D:1      | Reached XP level 2. HP: 26/26 MP: 1/1
   570 | D:1      | Reached skill level 5 in Ranged Weapons
   573 | D:1      | Found a faded altar of an unknown god.
   769 | D:2      | Reached XP level 3. HP: 31/31 MP: 2/2
   787 | D:2      | Noticed Robin
  1039 | D:2      | Found a runed translucent door.
  1040 | D:2      | Noticed Crazy Yiuf
  1308 | D:2      | Killed Robin
  1309 | D:2      | Reached skill level 6 in Ranged Weapons
  1309 | D:2      | Reached XP level 4. HP: 29/38 MP: 3/3
  2285 | D:3      | Noticed Ijyb
  2285 | D:3      | You fall into a shaft and drop 3 floors!
  2293 | D:5      | Entered Level 5 of the Dungeon
  2328 | D:5      | Noticed a necrophage
  2343 | D:5      | Killed a necrophage
  2344 | D:5      | Reached skill level 7 in Ranged Weapons
  2344 | D:5      | Reached XP level 5. HP: 31/45 MP: 4/4
  2777 | D:3      | Reached XP level 6. HP: 22/51 MP: 5/5
  3095 | D:3      | Reached skill level 8 in Ranged Weapons
  3697 | D:3      | Killed Ijyb
  4006 | D:4      | Reached skill level 9 in Ranged Weapons
  4286 | D:4      | Found Lecsitee's Assorted Antiques.
  4447 | D:5      | Found a staircase to the Ecumenical Temple.
  4456 | D:5      | Reached XP level 7. HP: 57/57 MP: 6/6
  4473 | Temple   | Entered the Ecumenical Temple
  4790 | Temple   | Became a worshipper of Warmaster Okawaru
  5181 | D:5      | Reached skill level 10 in Ranged Weapons
  5748 | D:6      | Noticed a two-headed ogre
  6164 | D:5      | Reached skill level 11 in Ranged Weapons
  6164 | D:5      | Reached XP level 8. HP: 36/63 MP: 7/7
  6750 | D:6      | Noticed Sigmund
  6797 | D:5      | Reached * piety under Okawaru
  6913 | D:6      | Killed Sigmund
  6914 | D:6      | Reached skill level 12 in Ranged Weapons
  7479 | D:6      | Found a glowing silver altar of Zin.
  7563 | D:6      | Reached skill level 13 in Ranged Weapons
  7909 | D:7      | Reached XP level 9. HP: 32/69 MP: 8/8
  7920 | D:7      | Found a flagged portal.
  7956 | Bailey   | Entered a bailey
  8112 | Bailey   | Reached ** piety under Okawaru
  8262 | Bailey   | Reached skill level 14 in Ranged Weapons
  8609 | Bailey   | Noticed a two-headed ogre
  8645 | Bailey   | HP: 2/69 [spriggan/+1 vorpal flail (4)]
  8646 | Bailey   | Slain by a spriggan

Illustrated notes

Levels and vault maps discovered:
D:1:      roderic_octagonal_star, layout_rooms,
          shapermc_ecumenical_altar_notcrosses, hangedman_decor_peaks_small,
          dreamdust_wishing_well
D:2:      minmay_roachtagon, layout_loops_ring, uniq_crazy_yiuf_cottage,
          uniq_robin
D:3:      layout_loops_ring, minmay_divided_ellipse, uniq_ijyb
D:4:      layout_basic, serial_shops, nicolae_shop_stone
D:5:      layout_basic, minmay_temple_entry_crystal_x
D:6:      layout_rooms, zin_statuary, grunt_decor_resistance, uniq_sigmund
D:7:      layout_basic, slow_altar_2, lemuel_doored_altar,
          mainiacjoe_overflow_surrounded_room,
          nicolae_hepliaklqana_monster_ancestors, enter_bailey_8,
          small_statue_intersection, minmay_misc_feat_tower
Temple:   oiseaux_autumnal_temple
Bailey:   bailey_polearm_enchanted_keep_hellmonk, bailey

Skill      XL: |  1  2  3  4  5  6  7  8  9 |
---------------+----------------------------+-----
Fighting       | 3 |  3.0
Ranged Weapons | 5 6 7 9 11 13 14 | 14.1
Dodging        | |  2.1
Stealth        | |  0.7

Action                   |  1- 3 |  4- 6 |  7- 9 || total
-------------------------+-------+-------+-------++-------
Melee: Unarmed           |       |     8 |       ||     8
       Shortbow          |       |       |     1 ||     1
 Fire: Shortbow          |   112 |   237 |   319 ||   668
Invok: Heroism           |       |       |     1 ||     1
  Use: Potion            |       |     1 |     3 ||     4
       Scroll            |       |       |    10 ||    10
 Stab: Confused          |       |     1 |       ||     1
Armor: Leather armour    |     2 |       |       ||     2
       Ring mail         |    24 |    48 |    58 ||   130
Dodge: Dodged            |    54 |    88 |   101 ||   243
Block: Other             |       |       |    19 ||    19
       Reflection        |       |       |     2 ||     2
